 Dungeon Crawl Stone Soup version 0.24-a0-176-gc3651c4 (webtiles) character file.

Game seed: 3970671945546560873

25 emperorscorpion the Chopper (level 2, -1/40 HPs)
             Began as a Minotaur Berserker on Mar 12, 2019.
             Was a Follower of Trog.
             Slain by a centaur (5 damage)
             ... on level 5 of the Dungeon.
             The game lasted 00:02:42 (460 turns).

emperorscorpion the Chopper (Minotaur Berserker)     Turns: 460, Time: 00:02:43

Health: -1/40      AC:  2    Str: 26    XL:     2   Next: 82%
Magic:  1/1        EV: 12    Int:  4    God:    Trog [*.....]
Gold:   33         SH:  0    Dex:  9    Spells: 1/1 levels left

rFire    . . .     SeeInvis .   a - +0 hand axe
rCold    . . .     Gourm    .   (no shield)
rNeg     . . .     Faith    .   b - +0 animal skin
rPois    .         Spirit   .   (helmet restricted)
rElec    .         Reflect  .   (no cloak)
rCorr    .         Harm     .   (no gloves)
MR       .....                  (no boots)
Stlth    ..........             (no amulet)
HPRegen  0.13/turn              (no ring)
MPRegen  0.07/turn              (no ring)

@: berserking, very quick
A: retaliatory headbutt, horns 2
a: Berserk, Renounce Religion


You were on level 5 of the Dungeon.
You worshipped Trog.
Trog was aware of your devotion.
You were very hungry.

You visited 1 branch of the dungeon, and saw 5 of its levels.

You collected 33 gold pieces.

Inventory:

Hand Weapons
 a - a +0 hand axe (weapon)
Armour
 b - a +0 animal skin (worn)
 d - a +0 leather armour
Jewellery
 h - an uncursed ring of fire
Scrolls
 e - a scroll of teleportation {unknown}
 f - a scroll of amnesia {unknown}
 k - a scroll of identify
 l - a scroll of blinking {unknown}
Potions
 i - a potion of curing
 j - a potion of heal wounds {unknown}
Comestibles
 c - 2 rations
 g - 3 chunks of flesh


   Skills:
 + Level 4.0 Fighting
 + Level 4.2 Axes
 + Level 2.7 Armour
 + Level 2.5 Dodging


You had one spell level left.
You didn't know any spells.
Your spell library was empty.

Dungeon Overview and Level Annotations

Branches:
Dungeon (5/15)
 Temple: D:4-7

Altars:


Innate Abilities, Weirdness & Mutations

You reflexively headbutt those who attack you in melee.
You have a pair of horns on your head.


Message History

Found an escape hatch in the ceiling.
There is a stone staircase leading up here.
The centaur shouts!
The centaur wields a +0 shortbow.
The centaur shoots an arrow.
The arrow misses you.
You see here an arrow.
An adder skeleton comes into view.
The centaur shoots an arrow.
The arrow misses you.
You see here an arrow.
The centaur shoots an arrow.
The arrow closely misses you.
The centaur shoots an arrow.
The arrow hits you.
You see here an arrow.
The centaur shoots an arrow.
The arrow hits you!
* * * LOW HITPOINT WARNING * * *
You see here an arrow.
A red film seems to cover your vision as you go berserk!
You feel yourself moving faster!
You feel mighty!
You are feeling very hungry.
The centaur unwields a +0 shortbow.
The centaur hits you.
You die...

#... +... #...
#... +... #.<.
#..c##########
#..@(........
...#.#.#.#.######
.......<((.(#
...#.#.#Z#.##
....[.....#
..#.#.#.#.#..
...........###
..#.#.#.#.#..
.........?..###


You could see a centaur and an adder skeleton.

Vanquished Creatures
  A leopard gecko (D:2)
  A ball python (D:2)
  A bat (D:1)
  2 giant cockroaches (D:3)
  3 goblins (D:1)
  2 hobgoblins (D:1)
  2 jackals (D:2)
  6 kobolds
  A frilled lizard (D:1)
  2 rats (D:1)
21 creatures vanquished.

Notes
Turn   | Place    | Note
-------+----------+-------------------------------------------
     0 | D:1      | emperorscorpion the Minotaur Berserker began the quest for
                  | the Orb.
     0 | D:1      | Reached XP level 1. HP: 19/19 MP: 0/0
   187 | D:1      | Reached XP level 2. HP: 20/27 MP: 1/1
   255 | D:2      | Found a faded altar of an unknown god.
   454 | D:5      | Entered Level 5 of the Dungeon
   454 | D:5      | Noticed a centaur
   460 | D:5      | Slain by a centaur

Levels and vault maps discovered:
D:1:      tarquinn_simple_flora_water_a, layout_basic, minmay_pentomino_w4
D:2:      kb_forest_paths, layout_basic, first_ration,
          chequers_ecumenical_altar_simple, lemuel_another_geyser
D:3:      layout_basic, nicolae_overflow_hidden_temple, ebering_ghost_sewer_d
D:4:      layout_basic
D:5:      layout_basic, minmay_temple_entry_fiery, serial_shops, shop,
          st_stairs_9

Skill      XL: |  1  2 |
---------------+-------+-----
Axes           | 4 |  4.2
Fighting       | 4 |  4.0
Armour         | |  2.7
Dodging        | |  2.5

Action                   || total
-------------------------++-------
Melee: Hand axe          ||    45
       Headbutt          ||     5
Invok: Berserk           ||     3
  Use: Scroll            ||     1
Armor: Animal skin       ||     7
Dodge: Dodged            ||    32

Table legend:
 A = Non-vault XP
 B = Vault XP
 C = Vault XP percentage of total XP
 D = Non-vault monster count
 E = Vault monster count
 F = Vault count percentage of total count
                 A         B        C        D         E       F
            +---------+---------+-------+---------+---------+-------
      Total |      30 |       6 |  16.7 |      18 |       3 |  14.3
            +---------+---------+-------+---------+---------+-------
        D:1 |      18 |       1 |   5.3 |      12 |       1 |   7.7
        D:2 |       8 |       5 |  38.5 |       4 |       2 |  33.3
        D:3 |       4 |       0 |   0.0 |       2 |       0 |   0.0
            +---------+---------+-------+---------+---------+-------
